 Seeded DCSS version 0.30.1-11-g7821555f0a (webtiles) character file.

Game seed: 5 (custom seed)

5576 Kazon the Shield-Bearer (level 10, -1/60 HPs)
             Began as a Gargoyle Fighter on Dec 13, 2023.
             Was an Elder of Makhleb.
             Killed from afar by a steam dragon (19 damage)
             ... with a ball of steam
             ... on level 8 of the Dungeon on Dec 14, 2023.
             The game lasted 00:25:52 (5602 turns).

Kazon the Shield-Bearer (Gargoyle Fighter)          Turns: 5602, Time: 00:25:53

Health: -1/60      AC: 17    Str: 23    XL:     10   Next: 72%
Magic:  23/23      EV: 24    Int: 12    God:    Makhleb [****..]
Gold:   450        SH: 16    Dex: 17    Spells: 9/9 levels left

rFire   x . .        v - +0 hand axe (vamp)
rCold   . . .        c - +0 tower shield
rNeg    + + .        b - +0 scale mail
rPois   ∞            u - +0 helmet
rElec   +            (no cloak)
rCorr   .            K - +0 pair of gloves
SInv    .            (no boots)
Will    .....        o - amulet "Tatacuge" {Acrobat rF- rN+ Regen+ Int+4}
Stlth   ++           q - ring of magical power
HPRegen 1.10/turn    x - +6 ring of dexterity
MPRegen 0.18/turn

%: acrobat
@: acrobatic
A: sickness immunity, AC +7, negative energy resistance 1, electricity
resistance, torment resistance 1, petrification resistance
a: Renounce Religion, Minor Destruction, Lesser Servant of Makhleb, Major
Destruction


You were on level 8 of the Dungeon.
You worshipped Makhleb.
Makhleb was greatly pleased with you.
You visited 2 branches of the dungeon, and saw 9 of its levels.
You also visited: Ossuary.

You collected 450 gold pieces.

Inventory:

Hand Weapons
 a - a +0 war axe
 e - a +2 vampiric dagger
 f - a +0 hand axe of flaming
 v - a +0 vampiric hand axe (weapon)
Missiles
 k - 8 boomerangs (quivered)
 l - 8 poisoned darts
Armour
 b - a +0 scale mail (worn)
 c - a +0 tower shield (worn)
 u - a +0 helmet (worn)
 K - a +0 pair of gloves (worn)
Jewellery
 o - the amulet "Tatacuge" (around neck) {Acrobat rF- rN+ Regen+ Int+4}
   (You acquired it on level 1 of the Dungeon)

   [amulet of the acrobat]

   It increases your evasion while moving and waiting.
   Int:       It affects your intelligence (+4).
   rF:        It makes you vulnerable to fire.
   rN:        It protects you from negative energy.
   Regen:     It increases your rate of health regeneration.
 q - a ring of magical power (left hand)
 x - a +6 ring of dexterity (right hand)
Wands
 A - a wand of paralysis (8)
Scrolls
 g - a scroll of fog {unknown}
 m - 5 scrolls of identify {unknown}
 n - a scroll of blinking {unknown}
 p - 2 scrolls of magic mapping {unknown}
 s - 2 scrolls of summoning {unknown}
 t - 2 scrolls of teleportation {unknown}
 y - a scroll of torment {unknown}
 z - a scroll of poison {unknown}
 B - a scroll of amnesia {unknown}
 F - a scroll of enchant armour {unknown}
 I - 2 scrolls of fear {unknown}
 J - a scroll of enchant weapon {unknown}
Potions
 d - a potion of might
 h - a potion of resistance {unknown}
 i - 2 potions of invisibility {unknown}
 j - 5 potions of curing {unknown}
 r - 5 potions of flight {unknown}
 w - 4 potions of heal wounds {unknown}
 C - a potion of lignification {unknown}
 D - 4 potions of attraction {unknown}
 E - 2 potions of berserk rage {unknown}
 G - a potion of haste {unknown}
 H - 2 potions of brilliance {unknown}
 L - a potion of cancellation {unknown}


   Skills:
 + Level 5.6 Fighting
 + Level 0.8 Short Blades
 + Level 6.8 Axes
 + Level 3.6 Throwing
 + Level 6.3 Armour
 + Level 3.3 Dodging
 + Level 4.8 Stealth
 + Level 7.9 Shields
 * Level 6.1 Invocations
 * Level 3.9 Evocations


You had 9 spell levels left.
You didn't know any spells.
Your spell library contained the following spells:

 Spells                   Type           Power      Damage    Failure   Level
 Frozen Ramparts          Ice            0%         1d1       100%        3
 Ignite Poison            Fire/Tmut/Pois 0%         N/A       100%        3
 Ice Form                 Ice/Tmut       0%         N/A       100%        4
 Sticky Flame             Conj/Fire      0%         2d3       100%        4
 Summon Ice Beast         Ice/Summ       0%         N/A       100%        4
 Summon Forest            Summ/Tloc      0%         N/A       100%        5
 Eringya's Noxious Bog    Tmut/Pois      0%         N/A       100%        6
 Summon Hydra             Summ           0%         N/A       100%        7
 Ignition                 Fire           0%         3d3       100%        8


Dungeon Overview and Level Annotations

Branches:
Dungeon (8/15)             Temple (1/1) D:4            Lair (0/5) D:8
Ossuary (visited)

Altars:
Dithmenos
Fedhas
Gozag
Hepliaklqana
Makhleb
Qazlal
Wu Jian
Xom
The Shining One


Innate Abilities, Weirdness & Mutations

You are immune to sickness and miasma.
Your stone body is resilient. (AC +7)
You are immune to poison.
You resist negative energy. (rN+)
You are resistant to electric shocks. (rElec)
You are resistant to unholy torment.
You are immune to petrification.


Message History

L - a smoky red potion
Items here: ) [ ††.
Things that are here:
a +0 dagger; a +0 robe; an orc corpse No target in view!
You now have 450 gold pieces (gained 30).
Things that are here:
a +0 club; an orc corpse
Found a stone staircase leading down.
There is a stone staircase leading down here.
A steam dragon comes into view.
The steam dragon hisses angrily.
The steam dragon breathes steam at you. The ball of steam misses you.
You hit the steam dragon.
The steam dragon is lightly wounded.
You are engulfed in a cloud of scalding steam.
You block the steam dragon's attack. The steam dragon claws you.
You closely miss the steam dragon.
The steam dragon is lightly wounded.
You are engulfed in a cloud of scalding steam.
You block the steam dragon's attack. The steam dragon barely misses you.
You hit the steam dragon but do no damage.
The steam dragon is lightly wounded.
You block the steam dragon's attack. x2
You hit the steam dragon but do no damage.
The steam dragon is lightly wounded.
You block the steam dragon's attack.
The steam dragon claws you but does no damage.
You slash the steam dragon!
You feel better.
The steam dragon is moderately wounded.
The steam dragon bites you! You block the steam dragon's attack.
The steam dragon breathes steam at you. The ball of steam hits you!!
The steam scalds you terribly!
Ouch! That really hurt!
* * * LOW HITPOINT WARNING * * *
You block the steam dragon's attack. The steam dragon barely misses you.
The steam dragon breathes steam at you. The ball of steam hits you!!
The steam scalds you terribly!
You die...

#..........####..).## #......###
#..#.......# #...#))####......##
..###..##..##.....#).##......#.##
#.. #.........###.....#.....###.#
... #....###.## ##......#...# ###
.#. ..#..# ##.# ##.........## .
....#..# #.# ##....###..##
###...## ##.#######).## ##..#
##..# #....@D.....## ##.##
#....##.§...#..# #.## ...
##.....#.###.# . ##.......#.##
#.###....># #..# ##.##.# #.###
###### #.# ..#


You could see a steam dragon (catching breath).

Vanquished Creatures
  A two-headed ogre (D:7)
  A polar bear (D:8)
  Sigmund (D:4)
  3 basilisks (D:8)
  Duvessa (D:6)
  6 water moccasins
  An ice beast (D:8)
  A sky beast (D:7)
  5 black bears
  2 wolves (D:8)
  2 centaurs
  2 ogres
  An elf zombie (Ossuary)
  A kobold brigand (D:7)
  A bullfrog (D:8)
  3 scorpions
  10 wights (D:7)
  4 killer bees (D:7)
  Dowan (D:6)
  A howler monkey (D:6)
  A vampire bat (D:7)
  6 hounds
  A centaur zombie (Ossuary)
  3 orc priests (D:6)
  3 human zombies (Ossuary)
  A jelly (D:5)
  4 orc wizards
  6 iguanas
  4 ogre zombies (Ossuary)
  7 mummies (Ossuary)
  4 gnolls (D:5)
  9 adders
  A white imp (D:7)
  2 ufetubi
  A worm zombie (D:7)
  2 adder zombies (Ossuary)
  3 worms
  18 orcs
  12 bats
  9 endoplasms
  A giant cockroach (D:1)
  12 goblins
  7 hobgoblins
  11 jackals
  10 kobolds
  3 quokkas (D:4)
  6 ball pythons
  3 frilled lizards
  4 goblin zombies (Ossuary)
  6 hobgoblin zombies
  3 kobold zombies
  4 quokka zombies (Ossuary)
  4 rats
  4 rat zombies (Ossuary)
223 creatures vanquished.

Vanquished Creatures (others)
  2 orc wizards (D:6)
2 creatures vanquished.

Grand Total: 225 creatures vanquished

Notes
Turn   | Place    | Note
-------+----------+-------------------------------------------
     0 | D:1      | Kazon the Gargoyle Fighter began the quest for the Orb.
     0 | D:1      | Reached XP level 1. HP: 14/14 MP: 1/1
    45 | D:1      | Identified a scroll of acquirement
    45 | D:1      | Acquired the amulet "Tatacuge" {Acrobat rF- rN+ Regen+
                  | Int+4}
    63 | D:1      | Reached XP level 2. HP: 19/19 MP: 2/2
   306 | D:1      | Reached XP level 3. HP: 23/23 MP: 3/3
   920 | D:2      | Reached XP level 4. HP: 29/29 MP: 4/4
  1280 | D:2      | Reached skill level 4 in Shields
  1607 | D:3      | Found a blossoming altar of Fedhas.
  1691 | D:3      | Reached XP level 5. HP: 33/33 MP: 5/5
  1862 | D:3      | Identified the +2 sling "Qeuhanocyt" {speed, rElec Str-3
                  | Dex+2}
  1879 | D:3      | Found a faded altar of an unknown god.
  1943 | D:3      | Found a stormy altar of Qazlal.
  2097 | D:4      | Found a staircase to the Ecumenical Temple.
  2113 | Temple   | Entered the Ecumenical Temple
  2129 | Temple   | Became a worshipper of Makhleb the Destroyer
  2235 | D:4      | Noticed Sigmund
  2250 | D:4      | Killed Sigmund
  2251 | D:4      | Reached skill level 1 in Throwing
  2251 | D:4      | Reached skill level 1 in Dodging
  2251 | D:4      | Reached skill level 1 in Stealth
  2251 | D:4      | Reached skill level 1 in Invocations
  2251 | D:4      | Reached XP level 6. HP: 30/38 MP: 6/6
  2276 | D:4      | Noticed a black bear
  2288 | D:4      | Killed a black bear
  2289 | D:4      | Reached XP level 7. HP: 43/43 MP: 8/8
  2296 | D:4      | Found a hazy altar of Hepliaklqana.
  2297 | D:4      | Found a shadowy altar of Dithmenos.
  2297 | D:4      | Noticed a shadow
  2863 | D:5      | Entered Level 5 of the Dungeon
  3048 | D:5      | Reached * piety under Makhleb
  3055 | D:5      | Reached XP level 8. HP: 18/48 MP: 9/9
  3308 | D:6      | Noticed Dowan
  3309 | D:6      | Noticed Duvessa
  3321 | D:6      | Killed Dowan
  3322 | D:6      | Reached skill level 5 in Shields
  3322 | D:6      | Killed Duvessa
  3323 | D:6      | Reached skill level 5 in Armour
  3520 | D:6      | Found a shimmering altar of Xom.
  3688 | D:6      | Reached skill level 5 in Axes
  3836 | D:7      | Found a sand-covered staircase.
  3855 | Ossuary  | Entered an ossuary
  3907 | Ossuary  | Reached XP level 9. HP: 52/52 MP: 11/11
  3941 | Ossuary  | Reached ** piety under Makhleb
  4169 | Ossuary  | Reached skill level 1 in Evocations
  4390 | D:7      | Reached *** piety under Makhleb
  4541 | D:7      | Reached skill level 6 in Shields
  4885 | D:7      | Noticed a two-headed ogre
  4903 | D:7      | Killed a two-headed ogre
  4904 | D:7      | Reached skill level 5 in Fighting
  4904 | D:7      | Reached skill level 7 in Shields
  4904 | D:7      | Reached skill level 5 in Invocations
  4904 | D:7      | Reached XP level 10. HP: 32/59 MP: 14/14
  5348 | D:8      | Reached **** piety under Makhleb
  5464 | D:8      | Found a staircase to the Lair.
  5602 | D:8      | Killed from afar by a steam dragon

Illustrated notes

Levels and vault maps discovered:
D:1:      ebering_trefoil_3fold, layout_basic, st_stairs_14, serial_bayou_ford_a
D:2:      layout_basic, hangedman_decor_growths, minmay_close_crescents
D:3:      layout_rooms, mainiacjoe_overflow_concentric_impassable,
          mainiacjoe_overflow_paths, shapermc_ecumenical_altar_acropolis,
          chequers_serial_rivers_micro_b
D:4:      layout_basic, riverfiend_overflow_shadow_ancestor,
          minmay_temple_entry_glass, uniq_sigmund
D:5:      layout_gridville
D:6:      layout_basic, xom_teletrap_fun, uniq_duvessa
D:7:      layout_loops_ring, enter_ossuary_3, roderic_batcave
D:8:      layout_layer_cave, minmay_lair_entry_grove, serial_shops,
          nicolae_lakefront_shop, serial_ice, serial_ice_o, serial_ice_d,
          serial_ice_k, serial_ice_a
Temple:   nicolae_temple_elliptical

Skill      XL: |  1  2  3  4  5  6  7  8  9 10 |
---------------+-------------------------------+-----
Axes           | 2 3 4 5 6 |  6.8
Shields        | 4 5 7 |  7.9
Armour         | 4 5 6 |  6.3
Fighting       | 4 5 |  5.6
Throwing       | 1 2 3 |  3.6
Dodging        | 1 2 3 |  3.3
Stealth        | 1 2 3 4 |  4.8
Invocations    | 1 2 3 5 6 |  6.1
Evocations     | 2 3 |  3.9
Short Blades   | |  0.8

Action                     |  1- 3 |  4- 6 |  7- 9 | 10-12 || total
---------------------------+-------+-------+-------+-------++-------
  Melee: War axe           |   125 |   108 |       |       ||   233
         Dagger            |       |    43 |       |       ||    43
         Hand axe          |       |       |   652 |   286 ||   938
  Throw: Stone             |       |     6 |    16 |       ||    22
         Boomerang         |       |       |    40 |     9 ||    49
         Dart              |       |       |    12 |       ||    12
 Invoke: Minor Destruction |       |       |       |     2 ||     2
    Use: Scroll            |     2 |       |       |       ||     2
         Potion            |     1 |       |       |       ||     1
   Stab: Sleeping          |       |       |     8 |       ||     8
 Armour: Scale mail        |    62 |    68 |   267 |   121 ||   518
  Dodge: Dodged            |    57 |    37 |   152 |    85 ||   331
  Block: Buckler           |    17 |       |       |       ||    17
         Tower shield      |    55 |   103 |   458 |   252 ||   868
